Map: Blackburn LE

Players

hyunDrax

  • Race: Terran Terran
  • League: Silver
  • Spawn Location: 7:00

Pumba - Winner!

  • Race: Protoss Protoss
  • League: Silver
  • Spawn Location: 5:00

VOD

Have the link to the VOD?

Description

Time

  • Played on: Jan. 25, 2022, 7:19 p.m.
  • Length: 11:46
Show
View Real Time Build Order
Export as new Build Order

hyunDrax Terran 

Build Orders:  

Get SALT Encoding   

  12  0:01  SCV  
  13  0:13  SCV  
  14  0:25  SCV  
  15  0:35  Supply Depot  
  15  0:36  Refinery  
  15  0:56  SCV  
  16  1:01  Barracks  
  16  1:09  SCV  
  17  1:18  Barracks  
  17  1:45  SCV  
  18  1:50  Marine  
  18  1:51  Supply Depot  
  19  1:57  SCV  
  20  2:08  Marine  
  20  2:09  SCV  
  22  2:21  SCV, Command Center  
  23  2:23  Reaper  
  24  2:33  SCV  
  25  2:38  Bunker  
  25  2:51  Bunker  
  25  2:57  Reaper  
  25  2:58  Reaper  
  27  3:08  Factory, Orbital Command  
  27  3:32  Supply Depot  
  27  3:55  Supply Depot  
  27  3:56  Factory Tech Lab  
  27  4:11  Command Center  
  25  4:23  Refinery  
  24  4:32  Widow Mine  
  24  4:33  Engineering Bay  
  26  4:53  Widow Mine  
  26  4:58  Marine x2  
  30  5:13  Planetary Fortress  
  30  5:15  Widow Mine, Marine  
  30  5:16  Marine  
  34  5:33  Marine x2  
  36  5:36  Widow Mine  
  36  5:39  SCV x2, Armory  
  40  5:51  SCV x2, Marine x2  
  40  5:53  Missile Turret  
  40  5:55  SCV  
  45  5:58  Widow Mine  
  45  6:03  SCV  
  45  6:04  SCV  
  49  6:07  SCV  
  50  6:14  Missile Turret  
  50  6:15  SCV  
  51  6:29  Sensor Tower  
  51  6:46  Barracks Tech Lab  
  51  7:07  Barracks Reactor  
  51  7:15  Orbital Command  
  51  7:16  SCV x2  
  53  7:28  SCV x2  
  55  7:35  Missile Turret  
  55  7:40  SCV, Siege Tank  
  55  7:41  SCV  
  60  7:45  Marine x3  
  60  7:50  SCV  
  64  7:53  SCV x2  
  58  8:02  SCV, Marine  
  58  8:03  Marine x2  
  58  8:05  SCV x2  
  64  8:07  Supply Depot  
  64  8:12  Siege Tank  
  67  8:14  SCV  
  68  8:20  Marine x2  
  68  8:21  Marine  
  68  8:24  Missile Turret  
  71  8:38  Marine x2  
  71  8:39  Missile Turret  
  74  8:43  Marine  
  74  8:44  Siege Tank  
  71  8:56  Marine  
  46  9:33  Supply Depot  
  19  9:57  Supply Depot  
  15  10:14  Barracks  
Show
View Real Time Build Order
Export as new Build Order

Pumba Protoss - Winner!

Build Orders: 1 Gate Expand 

Get SALT Encoding   

  12  0:00  Probe  
  13  0:12  Probe  
  14  0:20  Pylon  
  14  0:25  Probe  
  15  0:38  Probe (Chrono Boost)  
  15  0:40  Gateway  
  17  0:50  Probe (Chrono Boost), Assimilator  
  17  0:56  Probe (Chrono Boost)  
  18  1:05  Probe  
  19  1:17  Probe  
  20  1:28  Nexus  
  20  1:35  Cybernetics Core  
  20  1:38  Probe  
  21  1:54  Probe  
  21  1:56  Assimilator  
  21  1:57  Pylon  
  22  2:12  Probe  
  22  2:14  Warp Gate  
  23  2:15  Stalker  
  24  2:24  Probe  
  26  2:39  Probe (Chrono Boost)  
  26  2:41  Probe (Chrono Boost)  
  27  2:45  Robotics Facility, Stalker  
  30  2:52  Probe (Chrono Boost)  
  30  2:53  Probe (Chrono Boost)  
  31  3:02  Probe (Chrono Boost)  
  31  3:03  Probe (Chrono Boost)  
  33  3:09  Gateway  
  33  3:11  Gateway  
  34  3:16  Probe x2 (Chrono Boost)  
  34  3:19  Stalker  
  37  3:24  Probe x2  
  39  3:32  Shield Battery  
  39  3:33  Observer (Chrono Boost)  
  40  3:37  Probe, Pylon  
  40  3:39  Probe  
  42  3:48  Pylon  
  42  3:52  Immortal (Chrono Boost)  
  46  4:01  Probe x2  
  45  4:23  Probe x2  
  46  5:10  Probe  
  46  5:11  Probe  
  46  5:12  Assimilator  
  48  5:16  Assimilator  
  48  5:17  Twilight Council  
  48  5:30  Stalker x3  
  54  5:37  Probe  
  54  5:38  Pylon  
  55  5:43  Probe  
  55  5:49  Probe  
  57  5:55  Probe  
  58  5:57  Gateway  
  58  6:00  Gateway  
  58  6:02  Gateway x2  
  58  6:08  Gateway  
  58  6:09  Gateway  
  58  6:11  Gateway  
  58  6:17  Probe  
  58  6:18  Probe  
  60  6:22  Charge (Chrono Boost)  
  60  6:27  Immortal (Chrono Boost)  
  60  6:32  Templar Archives  
  64  6:33  Pylon  
  64  6:40  Pylon  
  64  6:41  Pylon  
  64  6:46  Pylon  
  64  6:47  Pylon  
  64  6:50  Pylon  
  64  6:57  Pylon  
  64  7:02  Warp Prism (Chrono Boost)  
  66  7:22  Zealot x5  
  72  7:23  Zealot x5  
  84  7:45  Zealot x4  
  84  7:46  Zealot x5  
  102  7:58  Pylon  
  102  7:59  Pylon  
  102  8:01  Pylon  
  102  8:04  Pylon  
  102  8:19  High Templar x6  
  114  8:20  High Templar x4  
  122  8:27  Archon  
  122  8:28  Archon x4  
  104  9:03  Zealot x10  
  124  9:30  Forge  
  124  9:32  Forge  
  124  9:36  Nexus  
  124  9:41  Stargate  
  124  9:43  Stargate  
  124  9:46  Nexus  
  122  10:13  Zealot x8  
  134  10:58  Pylon  
  134  11:17  Gateway  
  134  11:19  Cybernetics Core  
Tags
 
Add a new tag
Caveats
  • Supply blocks, unpowered buildings, or Contaminate may cause inaccurate times.
  • Supply counts are checked every 10 seconds.